 Dungeon Crawl Stone Soup version 0.29.1-13-g9f3cf754e1 (console) character file.

Game seed: 8976991065573559129

11 om the Magician (level 2, 0/21 HPs)
             Began as a Djinni Fire Elementalist on Jan 30, 2023.
             Slain by Natasha (9 damage)
             ... on level 2 of the Dungeon.
             The game lasted 00:01:43 (877 turns).

om the Magician (Djinni Fire Elementalist)           Turns: 877, Time: 00:01:43

Health: 0/21       AC:  2    Str:  7    XL:     2   Next: 40%
Gold:   81         EV: 12    Int: 16    God:
                   SH:  0    Dex: 13

rFire   + + .      SeeInvis .   b - +0 dagger
rCold   x . .      Faith    .   (no shield)
rNeg    . . .      Spirit   .   a - +0 robe
rPois   ∞          Reflect  .   (no helmet)
rElec   .          Harm     .   (no cloak)
rCorr   +          Rampage  .   (no gloves)
Will    .....                   (boots unavailable)
Stlth   ++........              (no amulet)
HPRegen 0.07/turn               h - ring of resist corrosion
MPRegen 0.00/turn               (no ring)

@: flying, slowed, very slow
A: sickness immunity, fire resistance 2, cold vulnerability 1, float, innate
caster, HP casting, extra vitality 1
a: no special abilities


You were on level 2 of the Dungeon.
You visited 1 branch of the dungeon, and saw 2 of its levels.

You collected 81 gold pieces.

Inventory:

Hand Weapons
 b - a +0 dagger (weapon)
Armour
 a - a +0 robe (worn)
Jewellery
 h - a ring of resist corrosion (left hand)
Scrolls
 d - 3 scrolls of identify {unknown}
 g - a scroll of magic mapping {unknown}
 j - a scroll of noise {unknown}
Potions
 c - 3 potions of lignification {unknown}
 e - a potion of curing {unknown}
 f - 2 potions of degeneration {unknown}
 i - a potion of invisibility {unknown}
 k - a potion of attraction {unknown}


   Skills:
 + Level 2.4 Dodging
 + Level 1.8 Stealth
 * Level 2.7 Spellcasting


You couldn't memorise any spells.
You knew the following spells:

 Your Spells              Type           Power      Damage    Failure   Level
a - Foxfire               Conj/Fire      40%        2x1d6     6%          1
b - Scorch                Fire           20%        2d6       10%         2
c - Conjure Flame         Conj/Fire      10%        6-21      19%         3
d - Inner Flame           Hex/Fire       10%        N/A       19%         3
e - Flame Wave            Conj/Fire      10%        2d6       54%         4
Your spell library was empty.

Dungeon Overview and Level Annotations

Branches:
Dungeon (2/15)

Altars:
The Shining One

Annotations:
D:2 Natasha, Robin


Innate Abilities, Weirdness & Mutations

You are immune to sickness and miasma.
You are immune to poison.
Your flesh is very heat resistant. (rF++)
You are vulnerable to cold. (rC-)
You float through the air rather than walking.
You learn spells naturally, not from books.
Your magical power is your life essence.
You have superior vitality. (+4 MHP)


Message History

The foxfire hits the quokka.
The quokka is moderately wounded.
You conjure some foxfire!
The foxfire hits the quokka.
You kill the quokka!
HP restored.
A frilled lizard comes into view.
Natasha, Servant of Life and Death comes into view.
The frilled lizard hisses angrily.
Natasha stares at you and mumbles some strange words.
The magic dart hits you!
Found a stone staircase leading down.
Natasha wildly gestures.
Natasha glows brightly for a moment.
The frilled lizard bites you.
Casting: Foxfire (safe; 6% risk of failure)
Confirm with . or Enter, or press ? or * to list all spells.
Flames lash the frilled lizard.
You kill the frilled lizard!
Casting: Scorch (safe; 10% risk of failure)
Confirm with . or Enter, or press ? or * to list all spells.
Flames lash Natasha.
Natasha is moderately wounded.
Natasha's fire resistance burns away.
Natasha stares at you and mumbles some strange words.
You feel yourself slow down.
You are too injured to fight recklessly!
Casting: Foxfire (safe; 6% risk of failure)
Press: ? - help, Q - select action, (/) - cycle Dir - look around, f - activate You conjure some foxfire!
Natasha mumbles some strange words.
You closely miss Natasha.
Natasha is moderately wounded.
Natasha is no longer more vulnerable to fire.
The foxfire hits Natasha.
Natasha is heavily wounded.
The foxfire hits Natasha but does no damage.
Natasha is heavily wounded.
Natasha claws you!
You die...

#.# #.# #.#.#.#.###
#.# #.#.#.....# #.#
#.#.#...#)#.#.#
#.#.#.....#.#.#
#.#.#.....#.#.# #
#.#.#....)#.#.#
.>###.#.#.#.....#.#.#
......h@..#....<#.#.#
#.###.#.###....##.#.#
.................#
.......###.##.##.###
#..............##.#
#.......#.#.#####.#
#...#...#.# #.#
...#.... #.# ..#


You could see Natasha.

Vanquished Creatures
  A giant cockroach (D:1)
  2 hobgoblins (D:1)
  A quokka (D:2)
  A bat (D:1)
  A frilled lizard (D:2)
  5 goblins
11 creatures vanquished.

Vanquished Creatures (others)
  26 foxfires
26 creatures vanquished.

Grand Total: 37 creatures vanquished

Notes
Turn   | Place    | Note
-------+----------+-------------------------------------------
     0 | D:1      | om the Djinni Fire Elementalist began the quest for the
                  | Orb.
     0 | D:1      | om set off with the following spells memorised: Foxfire,
                  | Scorch, Conjure Flame, Inner Flame, Flame Wave.
     0 | D:1      | Reached XP level 1. HP: 15/15 MP: 0/0
   605 | D:2      | Found a glowing golden altar of the Shining One.
   643 | D:2      | Reached XP level 2. HP: 15/21 MP: 0/0
   797 | D:2      | Noticed Robin
   871 | D:2      | Noticed Natasha
   877 | D:2      | Slain by Natasha

Illustrated notes

Levels and vault maps discovered:
D:1:      minmay_arrival_four_houses, layout_rooms
D:2:      layout_basic, basic_altar, hellmonk_ecumenical_altar_dog_temple,
          minmay_pentomino_u4, uniq_natasha, uniq_robin

Action                   || total
-------------------------++-------
Melee: Dagger            ||     5
 Cast: Foxfire           ||    14
       Scorch            ||     2
Armor: Robe              ||     2
Dodge: Dodged            ||    14
